 Dungeon Crawl Stone Soup version 0.29-a0-1043-g569b05d6ff (webtiles) character file.

Game seed: 12677261519439346781

32 freelancePsychic the Sneak (level 3, 0/23 HPs)
             Began as a Tengu Delver on Aug 15, 2022.
             Was an Initiate of Ashenzari.
             Slain by a gnoll
             ... wielding a +0 whip
              (3 damage)
             ... on level 1 of the Dungeon.
             The game lasted 00:02:34 (1729 turns).

freelancePsychic the Sneak (Tengu Delver)           Turns: 1729, Time: 00:02:35

Health: 0/23       AC:  3    Str: 12    XL:     3   Next: 27%
Magic:  4/4        EV: 12    Int:  8    God:    Ashenzari [......]
Gold:   48         SH:  0    Dex: 17    Spells: 2/2 levels left

rFire   . . .      SeeInvis .   h - +2 dagger (drain)
rCold   . . .      Faith    .   (no shield)
rNeg    . . .      Spirit   .   b - +0 leather armour of the Shattered Yoke {Fort, Alch} (curse)
rPois   .          Reflect  .   (helmet restricted)
rElec   .          Harm     .   (no cloak)
rCorr   .          Rampage  .   (no gloves)
Will    .....      Clarity  +   (boots unavailable)
Stlth   +++.......              (no amulet)
HPRegen 0.07/turn               (no ring)
MPRegen 0.09/turn               (no ring)

@: flying
A: beak, talons 3, clarity, dopey 1, sense surroundings 1
a: Renounce Religion, Shatter the Chains


You were on level 1 of the Dungeon.
You worshipped Ashenzari.
Ashenzari was noncommittal.
You visited 1 branch of the dungeon, and saw 5 of its levels.

You collected 48 gold pieces.

Inventory:

Hand Weapons
 a - a +0 falchion
 h - a +2 dagger of draining (weapon)
Armour
 b - the cursed +0 leather armour of the Shattered Yoke (worn) {Fort, Alch}

   It has a curse which improves the following skills: Fortitude: Armour and
   Shields.
   Alchemy:   Poison Magic and Transmutations.
Wands
 g - a wand of digging (3)
Scrolls
 c - a scroll of fog


   Skills:
 + Level 3.4 Fighting
 * Level 1.0(2.2) Short Blades
 - Level 3.2(3.3) Long Blades
 + Level 2.2 Dodging
 - Level 5.0 Stealth


You had 2 spell levels left.
You didn't know any spells.
Your spell library contained the following spells:

 Spells                   Type           Power      Damage    Failure   Level
 Gell's Gravitas          Tloc           0%         N/A       86%         3
 Lesser Beckoning         Tloc           0%         N/A       86%         3
 Stone Arrow              Conj/Erth      0%         3d7       86%         3
 Teleport Other           Tloc           0%         N/A       86%         3
 Animate Armour           Summ/Erth      0%         N/A       99%         4
 Passage of Golubria      Tloc           0%         N/A       99%         4
 Silence                  Hex/Air        0%         N/A       100%        5
 Lehudib's Crystal Spear  Conj/Erth      0%         10d2      100%        8


Dungeon Overview and Level Annotations

Branches:
Dungeon (5/15)
 Temple: D:4-7

Altars:
Ashenzari

Annotations:
D:2 Sigmund
D:3 Ijyb
D:4 Eustachio


Innate Abilities, Weirdness & Mutations

You have a beak for a mouth.
You have claws for feet.
You possess an exceptional clarity of mind.
You are dopey. (Int -2)
You passively map a small area around you.


Message History

The gnoll hits you with a +0 club.
As you read the scroll of fear, it crumbles to dust.
You assume a fearsome visage.
The endoplasm looks frightened!
The ball python looks frightened!
The gnoll looks frightened! x2
Cornered, the endoplasm turns to fight!
You see here a staff of fire.
There is a stone staircase leading up here.
You climb upwards.
There is a stone staircase leading down here.
You start resting.
HP restored.
You see here a +0 dagger.
You see here a +0 whip.
There is a stone staircase leading down here.
Press: ? - help, v - describe, . - travel A stone staircase leading down.
You climb downwards.
Level annotation: Sigmund
There is a stone staircase leading up, spattered with blood here.
There are monsters nearby!
The gnoll hits you from afar with a +0 spear.
The gnoll shouts! x2
The gnoll hits you from afar with a +0 spear.
The gnoll hits you from afar with a +0 spear.
* * * LOW HITPOINT WARNING * * *
The gnoll hits you with a +0 whip.
* * * LOW HITPOINT WARNING * * *
The gnoll hits you with a +0 whip.
* * * LOW HITPOINT WARNING * * *
You climb upwards.
There is a stone staircase leading down here.
Okay, then.
It was a potion of mutation.
You feel extremely strange.
You feel stupid.
Your thoughts seem clearer.
You feel a strange attunement to the structure of the dungeons.
The gnoll closely misses you. The gnoll barely misses you.
It was a potion of flight.
You feel very buoyant.
You fly up into the air.
The gnoll hits you with a +0 whip.
You die...

### #....###### ..#
#.........# #.#
#....####.# #.#
#....## #.# #.#
##....# #.#
#.##########.# #.#
#.#........#.# #.#
#.#.######.#.###g#
...............g@#
#.#.####.#.#.#.###
#.#.# #.#.#.#.##
#.#.####.#.#.#..#
..#......#.#.#..##
##########.#.#...#
...........#.#...#
########..##.##..##
# ####).##.##...#


You could see 2 gnolls.

Vanquished Creatures
  A gnoll (D:1)
  A ball python (D:1)
  An endoplasm (D:2)
  3 goblins (D:1)
  2 hobgoblins (D:1)
  4 jackals (D:1)
  2 kobolds
  2 bats (D:1)
  2 frilled lizards (D:1)
  3 rats
21 creatures vanquished.

Notes
Turn   | Place    | Note
-------+----------+-------------------------------------------
     0 | D:5      | freelancePsychic the Tengu Delver began the quest for the
                  | Orb.
     0 | D:5      | Reached XP level 1. HP: 14/14 MP: 2/2
    31 | D:4      | Noticed Eustachio
    45 | D:3      | Found a broken altar of Ashenzari.
    47 | D:3      | Noticed Ijyb
    51 | D:3      | Became a worshipper of Ashenzari the Shackled
    98 | D:2      | Noticed Sigmund
   384 | D:1      | Found a faded altar of an unknown god.
   456 | D:1      | Reached XP level 2. HP: 19/19 MP: 3/3
  1346 | D:1      | Reached XP level 3. HP: 16/23 MP: 4/4
  1495 | D:2      | Reached skill level 1 in Short Blades
  1728 | D:1      | Gained mutation: You are dopey. (Int -2) [potion of
                  | mutation]
  1728 | D:1      | Gained mutation: You possess an exceptional clarity of
                  | mind. [potion of mutation]
  1728 | D:1      | Gained mutation: You passively map a small area around you.
                  | [potion of mutation]
  1729 | D:1      | Slain by a gnoll

Illustrated notes

Levels and vault maps discovered:
D:1:      matt_arrival_grand_opening, layout_basic, serial_curves,
          eino_curves_02, eino_curves_03, eino_curves_04, eino_curves_01,
          shapermc_ecumenical_altar_flowoftime
D:2:      layout_rooms, nicolae_shop_vocational, uniq_sigmund
D:3:      minmay_recursive_quarters, layout_loops_ring, evilmike_ruin_ashenzari,
          mainiacjoe_overflow_concentric_impassable,
          dreamdust_princess_corridor, uniq_ijyb, uniq_crazy_yiuf_cottage,
          uniq_terence
D:4:      layout_basic, mainiacjoe_overflow_alcove_2, uniq_eustachio,
          uniq_natasha, uniq_blork_the_orc
D:5:      layout_rooms, lemuel_tele_altar, lemuel_crystal_altar, serial_shops,
          kennysheep_mini_moat, nicolae_shop_window_shopping, shop, shop, shop,
          serial_bayou_crossing, uniq_duvessa

Skill      XL: |  1  2  3 |
---------------+----------+-----
Long Blades    | 3 |  3.2
Short Blades   | 1 |  1.0
Fighting       | |  3.4
Dodging        | |  2.2
Stealth        | |  5.0

Action                   || total
-------------------------++-------
Melee: Falchion          ||    40
       Kick              ||    12
       Peck              ||     5
       Dagger            ||    11
Invok: Curse Item        ||     1
  Use: Potion            ||     3
       Scroll            ||     2
 Stab: Sleeping          ||     6
Armor: Leather armour    ||    15
Dodge: Dodged            ||    35

Table legend: (Time is in decaauts)
 A = Elapsed time spent in this place.
 B = Non-inter-level travel time spent in this place.
 C = Inter-level travel time spent in this place.
 D = Time resting spent in this place.
 E = Time spent auto-exploring this place.
 F = Levels seen in this place.
 G = Mean time per level.
                   A        B        C        D        E       F      G
               +--------+--------+--------+--------+--------+-----+--------+
         Total |   1714 |   1565 |    149 |    147 |   1169 |   5 |  342.8 |
       Dungeon |   1714 |   1565 |    149 |    147 |   1169 |   5 |  342.8 |
               +--------+--------+--------+--------+--------+-----+--------+

Top non-repeatable levels by time:
     D:1: 1542 daAuts
     D:2: 96 daAuts
     D:3: 42 daAuts
     D:4: 18 daAuts
     D:5: 15 daAuts
